Devils vs Senators

Created - November-12-14 at 17:49

Goals
1 2 3 T
Devils 1 0 0 1
Senators 1 1 1 3
Shots
1 2 3 T
Devils 2 10 12 24
Senators 16 12 12 40

1st period

1. Senators , Anton Volchenkov 3 (Christian Ehrhoff, James Neal) at 5:19 (PP)
2. Devils , Willie Mitchell 3 (Vincent Trocheck) at 8:58

Penalties :
Matt Donovan (NJD) for Holding (Minor) at 4:09, Willie Mitchell (NJD) for High sticking (Minor) at 6:36, Nikita Nikitin (NJD) for High sticking (Minor) at 6:46

2nd period

3. Senators , James Wisniewski 3 (Alec Martinez, Dave Bolland) at 13:44 (PP)

Penalties :
Alec Martinez (OTT) for Hooking (Minor) at 1:08, Willie Mitchell (NJD) for Cross-checking (Minor) at 6:36, Willie Mitchell (NJD) for Cross-checking (Minor) at 12:40, Patrick Wiercioch (NJD) for Slashing (Minor) at 15:58

3rd period

4. Senators , James Neal 11 (Alec Martinez) at 7:52

Penalties :
No Penalty

Goalie Stats

Corey Crawford (NJD), 37 saves from 40 shots - (0.925), L, 4-8-1, 60:00 minutes
Robin Lehner (OTT), 23 saves from 24 shots - (0.958), W, 2-1-0, 60:00 minutes

Players Stats for Devils

Player Name              G  A  P  +/- PIM S  H  SB GA TA FO     MP     PP MP  PK MP  
------------------------------------------------------------------------------------
Ales Hemsky              0  0  0   0  0   2  1  0  0  0  0/1    14:12   0:48   0:00 
Brandon Sutter           0  0  0   0  0   0  0  0  0  0  1/5     1:58   0:00   0:00 
Chris Kelly              0  0  0   0  0   1  2  0  0  0  1/3    13:33   0:00   0:09 
Darren Helm              0  0  0   0  0   3  0  1  0  0  0/1    24:09   0:38   1:51 
David Clarkson           0  0  0   0  0   0  0  0  0  0  0/0     0:00   0:00   0:00 
James van Riemsdyk       0  0  0   0  0   2  1  0  0  0  0/1    15:09   0:33   0:00 
Jamie McGinn             0  0  0   0  0   2  3  0  0  0  0/1    16:02   1:26   0:00 
Justin Schultz           0  0  0   0  0   5  0  1  0  0  0/0    27:37   0:33   3:38 
Mark Fayne               0  0  0   0  0   0  0  1  0  0  0/0     9:19   0:00   2:50 
Matt Donovan             0  0  0   0  2   0  3  2  0  0  0/0    20:36   1:26   3:58 
Nick Schultz             0  0  0   0  0   0  1  0  0  0  0/0    11:01   0:00   0:00 
Nikita Nikitin           0  0  0   0  2   1  1  5  0  0  0/0    19:50   1:26   3:11 
Patrick Wiercioch        0  0  0   0  2   0  0  0  0  0  0/0    12:11   0:00   1:11 
Steve Ott                0  0  0   0  0   0  6  0  0  0  4/9    26:45   0:33   4:32 
Tommy Wingels            0  0  0   0  0   1  3  0  0  0  8/24   21:49   1:26   5:47 
Tyler Johnson            0  0  0   0  0   2  0  1  0  0  8/16   13:24   0:00   0:00 
Vincent Trocheck         0  1  1   0  0   4  0  0  0  0  25/39  22:49   0:33   2:34 
Willie Mitchell          1  0  1   0  6   1  3  1  0  0  0/0    19:20   0:33   1:53 

Players Stats for Senators

Player Name              G  A  P  +/- PIM S  H  SB GA TA FO     MP     PP MP  PK MP  
------------------------------------------------------------------------------------
Alec Martinez            0  2  2   1  2   3  2  2  0  0  0/0    19:45   3:44   0:00 
Alex Chiasson            0  0  0  -1  0   0  0  0  0  0  0/1     5:15   0:00   1:16 
Anton Volchenkov         1  0  1   0  0   1  0  0  0  0  0/0     9:25   4:37   0:52 
Brooks Orpik             0  0  0  -1  0   0  2  1  0  0  0/0    11:27   0:00   0:52 
Christian Ehrhoff        0  1  1   1  0   1  1  2  0  0  0/0    20:39   4:37   0:00 
Dave Bolland             0  1  1   0  0   3  5  1  0  0  23/34  19:27   3:53   0:00 
Gustav Nyquist           0  0  0   1  0   6  0  0  0  0  1/5    23:23   3:53   0:00 
James Neal               1  1  2   1  0   7  1  0  0  0  0/1    23:58   4:28   0:00 
James Wisniewski         1  0  1   0  0   4  0  2  0  0  0/0    23:58   3:44   1:07 
Jan Hejda                0  0  0   0  0   0  2  2  0  0  0/0    20:14   0:00   1:07 
Jared Cowen              0  0  0  -1  0   1  1  0  0  0  0/0    14:31   0:00   0:00 
Joffrey Lupul            0  0  0   0  0   0  3  0  0  0  1/1    15:35   3:53   0:00 
Mark Stone               0  0  0   0  0   2  0  0  0  0  0/0    11:42   0:00   0:00 
Matt Moulson             0  0  0   0  0   2  0  0  0  0  0/0    14:29   0:00   0:00 
Mika Zibanejad           0  0  0  -1  0   1  0  0  0  0  3/7    19:44   0:00   1:16 
Pavel Datsyuk            0  0  0   1  0   7  1  0  0  0  15/31  24:41   4:28   0:43 
Sidney Crosby            0  0  0  -1  0   2  1  0  0  0  10/20  19:04   4:28   0:00 
Travis Moen              0  0  0   0  0   0  0  0  0  0  0/0     0:43   0:00   0:43 

3 Stars

1 - James Neal (OTT)
2 - Robin Lehner (OTT)
3 - Alec Martinez (OTT)

Power Play

Devils - 0 on 1 Attempt(s) - 0.00%
Senators - 2 on 6 Attempt(s) - 33.33%

Penalty Kill

Devils - 4 on 6 Attempt(s) - 66.67% - Score 0 goal in Penalty Kill
Senators - 1 on 1 Attempt(s) - 100.00% - Score 0 goal in Penalty Kill

Official

Referees : Darcy Burchell and Paul Devorski
Linesman : Don Henderson and Mark Wheler

Game Notes

No Game Note

Finance

Level 1 -- Attendance: 6500 (100.00%) -- Ticket Income $650,000
Level 2 -- Attendance: 5000 (100.00%) -- Ticket Income $300,000
Level 3 -- Attendance: 3341 (95.46%) -- Ticket Income $116,935
Level 4 -- Attendance: 2905 (92.13%) -- Ticket Income $87,150
Luxury Box -- Attendance: 748 (74.80%) -- Ticket Income $187,000
Game was played at the Canadian Tire Centre
Total Attendance: 18494 (96.56%)
Total Ticket Income: $1,341,085
Other Income: $201,163
Total Income: $1,542,248

% Time on Ice - Devils

Lines # - Real PCT - Wanted PCT - Time Play
Normal Forward
1 - 40% - 40% - 19:42
2 - 29% - 30% - 14:36
3 - 27% - 20% - 13:24
4 - 4% - 10% - 1:58
Normal Defense
1 - 34% - 40% - 16:57
2 - 31% - 30% - 15:13
3 - 13% - 20% - 6:29
4 - 22% - 10% - 11:01
PP Forward
1 - 28% - 60% - 0:33
2 - 72% - 40% - 1:26
PP Defense
1 - 28% - 60% - 0:33
2 - 72% - 40% - 1:26
PK Forward
1 - 72% - 60% - 4:41
2 - 28% - 40% - 1:51
PK Defense
1 - 51% - 60% - 3:20
2 - 49% - 40% - 3:12
PK3 Forward
1 - 61% - 60% - 1:06
2 - 39% - 40% - 0:43
PK3 Defense
1 - 37% - 60% - 0:40
2 - 63% - 40% - 1:09
44 Forward
1 - 0% - 60%
2 - 0% - 40%
44 Defense
1 - 0% - 60%
2 - 0% - 40%
Last Minute Offensive  - 0:00
Last Minute Defensive  - 0:00
Total
Forward - 60:00
Defense - 60:00

% Time on Ice - Senators

Lines # - Real PCT - Wanted PCT - Time Play
Normal Forward
1 - 39% - 40% - 19:30
2 - 29% - 30% - 14:29
3 - 24% - 20% - 11:42
4 - 8% - 10% - 3:59
Normal Defense
1 - 38% - 38% - 19:07
2 - 32% - 32% - 16:02
3 - 21% - 20% - 10:35
4 - 8% - 10% - 3:56
PP Forward
1 - 53% - 50% - 4:28
2 - 47% - 50% - 3:53
PP Defense
1 - 45% - 50% - 3:44
2 - 55% - 50% - 4:37
PK Forward
1 - 64% - 50% - 1:16
2 - 36% - 50% - 0:43
PK Defense
1 - 56% - 50% - 1:07
2 - 44% - 50% - 0:52
PK3 Forward
1 - 0% - 50%
2 - 0% - 50%
PK3 Defense
1 - 0% - 50%
2 - 0% - 50%
44 Forward
1 - 0% - 52%
2 - 0% - 48%
44 Defense
1 - 0% - 52%
2 - 0% - 48%
Last Minute Offensive  - 0:00
Last Minute Defensive  - 0:00
Total
Forward - 60:00
Defense - 60:00

Play by Play

1st period


0:01 of 1st period - Vincent Trocheck wins face-off versus Pavel Datsyuk in neutral zone.
0:58 of 1st period - Icing by Justin Schultz.
0:59 of 1st period - Dave Bolland wins face-off versus Vincent Trocheck in Devils zone.
1:25 of 1st period - Nikita Nikitin is hit by Alec Martinez and loses puck.
1:36 of 1st period - Shot by James van Riemsdyk.
1:36 of 1st period - Shot Blocked by Alec Martinez.
1:38 of 1st period - Shot by Tommy Wingels.
1:38 of 1st period - Deflect By James van Riemsdyk.
1:38 of 1st period - Shot Misses the Net.
1:40 of 1st period - Shot by James van Riemsdyk.
1:40 of 1st period - Shot Blocked by Dave Bolland.
1:42 of 1st period - Shot by James van Riemsdyk.
1:42 of 1st period - Shot Misses the Net.
2:19 of 1st period - Shot by Sidney Crosby.
2:19 of 1st period - Shot Misses the Net.
2:21 of 1st period - Shot by Jared Cowen.
2:21 of 1st period - Stopped by Corey Crawford without a rebound.
2:22 of 1st period - Pavel Datsyuk wins face-off versus Tyler Johnson in Devils zone.
2:43 of 1st period - Shot by Justin Schultz.
2:43 of 1st period - Stopped by Robin Lehner without a rebound.
2:44 of 1st period - Joffrey Lupul wins face-off versus Brandon Sutter in Senators zone.
3:26 of 1st period - Off-side.
3:27 of 1st period - Pavel Datsyuk wins face-off versus Tyler Johnson in neutral zone.
3:46 of 1st period - Shot by Pavel Datsyuk.
3:46 of 1st period - Shot Misses the Net.
3:48 of 1st period - Shot by James Neal.
3:48 of 1st period - Stopped by Corey Crawford without a rebound.
3:49 of 1st period - Tommy Wingels wins face-off versus Dave Bolland in Devils zone.
4:09 of 1st period - Minor Penalty to Matt Donovan for Holding.
4:10 of 1st period - Steve Ott wins face-off versus Sidney Crosby in Devils zone.
4:18 of 1st period - Icing by James Neal.
4:19 of 1st period - Steve Ott wins face-off versus Sidney Crosby in Senators zone.
4:32 of 1st period - Shot by Sidney Crosby.
4:32 of 1st period - Deflect By James Neal.
4:32 of 1st period - Stopped by Corey Crawford with a rebound.
4:34 of 1st period - Shot by James Neal.
4:34 of 1st period - Stopped by Corey Crawford without a rebound.
4:35 of 1st period - Dave Bolland wins face-off versus Steve Ott in Devils zone.
4:36 of 1st period - Shot by Gustav Nyquist.
4:36 of 1st period - Stopped by Corey Crawford without a rebound.
4:37 of 1st period - Steve Ott wins face-off versus Dave Bolland in Devils zone.
4:58 of 1st period - Shot by Joffrey Lupul.
4:58 of 1st period - Deflect By Gustav Nyquist.
4:58 of 1st period - Stopped by Corey Crawford without a rebound.
4:59 of 1st period - Vincent Trocheck wins face-off versus Sidney Crosby in Devils zone.
4:59 of 1st period - Vincent Trocheck is hit by Pavel Datsyuk.
5:13 of 1st period - Shot by Christian Ehrhoff.
5:13 of 1st period - Shot Blocked by Mark Fayne.
5:15 of 1st period - Shot by Anton Volchenkov.
5:15 of 1st period - Shot Misses the Net.
5:17 of 1st period - Shot by Anton Volchenkov.
5:17 of 1st period - Shot Misses the Net.
5:19 of 1st period - Shot by Anton Volchenkov.
5:19 of 1st period - Goal by Anton Volchenkov - Devils : 0 - Senators : 1.
5:20 of 1st period - Dave Bolland wins face-off versus Tyler Johnson in neutral zone.
5:33 of 1st period - Shot by Dave Bolland.
5:33 of 1st period - Stopped by Corey Crawford without a rebound.
5:34 of 1st period - Vincent Trocheck wins face-off versus Pavel Datsyuk in Devils zone.
5:34 of 1st period - Vincent Trocheck is hit by James Neal.
5:39 of 1st period - Matt Donovan is hit by Jan Hejda and loses puck.
5:43 of 1st period - Icing by Pavel Datsyuk.
5:44 of 1st period - Pavel Datsyuk wins face-off versus Vincent Trocheck in Senators zone.
5:44 of 1st period - Pavel Datsyuk is hit by Steve Ott.
6:24 of 1st period - Shot by Vincent Trocheck.
6:24 of 1st period - Shot Blocked by James Wisniewski.
6:35 of 1st period - James Wisniewski is hit by Willie Mitchell and loses puck.
6:36 of 1st period - Minor Penalty to Willie Mitchell for High sticking.
6:37 of 1st period - Dave Bolland wins face-off versus Steve Ott in Devils zone.
6:37 of 1st period - Dave Bolland is hit by Nikita Nikitin.
6:46 of 1st period - Minor Penalty to Nikita Nikitin for High sticking.
6:47 of 1st period - Dave Bolland wins face-off versus Tommy Wingels in Devils zone.
6:48 of 1st period - Shot by Christian Ehrhoff.
6:48 of 1st period - Stopped by Corey Crawford without a rebound.
6:49 of 1st period - Tommy Wingels wins face-off versus Sidney Crosby in Devils zone.
7:45 of 1st period - Shot by James Wisniewski.
7:45 of 1st period - Stopped by Corey Crawford without a rebound.
7:46 of 1st period - Tommy Wingels wins face-off versus Dave Bolland in Devils zone.
7:57 of 1st period - Shot by James Wisniewski.
7:57 of 1st period - Deflect By Gustav Nyquist.
7:57 of 1st period - Stopped by Corey Crawford without a rebound.
7:58 of 1st period - Dave Bolland wins face-off versus Tommy Wingels in Devils zone.
8:56 of 1st period - Icing by Brooks Orpik.
8:57 of 1st period - Vincent Trocheck wins face-off versus Mika Zibanejad in Senators zone.
8:58 of 1st period - Shot by Willie Mitchell.
8:58 of 1st period - Goal by Willie Mitchell - Devils : 1 - Senators : 1.
8:59 of 1st period - Vincent Trocheck wins face-off versus Mika Zibanejad in neutral zone.
9:02 of 1st period - Brooks Orpik is hit by Steve Ott and loses puck.
9:19 of 1st period - Shot by Sidney Crosby.
9:19 of 1st period - Shot Misses the Net.
9:21 of 1st period - Shot by Alex Chiasson.
9:21 of 1st period - Shot Hit the Post.
9:23 of 1st period - Shot by Brooks Orpik.
9:23 of 1st period - Shot Misses the Net.
9:25 of 1st period - Shot by Jared Cowen.
9:25 of 1st period - Shot Misses the Net.
9:27 of 1st period - Shot by Brooks Orpik.
9:27 of 1st period - Deflect By Sidney Crosby.
9:27 of 1st period - Shot Misses the Net.
9:52 of 1st period - Icing by Steve Ott.
9:53 of 1st period - Vincent Trocheck wins face-off versus Gustav Nyquist in Devils zone.
10:04 of 1st period - Shot by Gustav Nyquist.
10:04 of 1st period - Stopped by Corey Crawford without a rebound.
10:05 of 1st period - Pavel Datsyuk wins face-off versus Tommy Wingels in Devils zone.
10:05 of 1st period - James Neal is hit by Matt Donovan and loses puck.
10:14 of 1st period - Shot by Gustav Nyquist.
10:14 of 1st period - Shot Blocked by Nikita Nikitin.
10:16 of 1st period - Shot by Gustav Nyquist.
10:16 of 1st period - Shot Misses the Net.
10:18 of 1st period - Shot by Pavel Datsyuk.
10:18 of 1st period - Stopped by Corey Crawford without a rebound.
10:19 of 1st period - Sidney Crosby wins face-off versus Tyler Johnson in Devils zone.
11:51 of 1st period - Shot by Matt Donovan.
11:51 of 1st period - Shot Misses the Net.
11:53 of 1st period - Shot by Tommy Wingels.
11:53 of 1st period - Shot Blocked by Alec Martinez.
12:51 of 1st period - Off-side.
12:52 of 1st period - Tyler Johnson wins face-off versus Gustav Nyquist in neutral zone.
13:23 of 1st period - Shot by James Neal.
13:23 of 1st period - Stopped by Corey Crawford with a rebound.
13:47 of 1st period - James Wisniewski is hit by Ales Hemsky and loses puck.
14:55 of 1st period - Gustav Nyquist is hit by Tommy Wingels and loses puck.
16:07 of 1st period - James Wisniewski is hit by James van Riemsdyk and loses puck.
16:58 of 1st period - Shot by Pavel Datsyuk.
16:58 of 1st period - Stopped by Corey Crawford without a rebound.
16:59 of 1st period - Brandon Sutter wins face-off versus Pavel Datsyuk in Devils zone.
17:04 of 1st period - Shot by Pavel Datsyuk.
17:04 of 1st period - Shot Misses the Net.
17:16 of 1st period - Shot by James Neal.
17:16 of 1st period - Stopped by Corey Crawford without a rebound.
17:17 of 1st period - Dave Bolland wins face-off versus Vincent Trocheck in Devils zone.
17:39 of 1st period - Icing by Alec Martinez.
17:40 of 1st period - Dave Bolland wins face-off versus Tommy Wingels in Senators zone.
17:53 of 1st period - Shot by Jamie McGinn.
17:53 of 1st period - Shot Blocked by Christian Ehrhoff.
17:57 of 1st period - Shot by Nikita Nikitin.
17:57 of 1st period - Shot Misses the Net.
17:59 of 1st period - Shot by James van Riemsdyk.
17:59 of 1st period - Shot Misses the Net.
18:01 of 1st period - Shot by Nikita Nikitin.
18:01 of 1st period - Shot Misses the Net.
18:40 of 1st period - Off-side.
18:41 of 1st period - Vincent Trocheck wins face-off versus James Neal in neutral zone.
18:45 of 1st period - Justin Schultz is hit by Jared Cowen and loses puck.
19:55 of 1st period - Shot by Alex Chiasson.
19:55 of 1st period - Shot Misses the Net.
Goals for this period are 1 for Devils vs 1 for Senators.
Shots for this period are 2 for Devils vs 16 for Senators.

2nd period


0:01 of 2nd period - Dave Bolland wins face-off versus Darren Helm in neutral zone.
0:01 of 2nd period - James Wisniewski is hit by Steve Ott and loses puck.
0:05 of 2nd period - Off-side.
0:06 of 2nd period - Dave Bolland wins face-off versus Vincent Trocheck in neutral zone.
0:15 of 2nd period - Shot by Matt Moulson.
0:15 of 2nd period - Shot Misses the Net.
0:18 of 2nd period - Icing by Darren Helm.
0:19 of 2nd period - Vincent Trocheck wins face-off versus Pavel Datsyuk in Devils zone.
0:35 of 2nd period - Vincent Trocheck is hit by Alec Martinez.
1:08 of 2nd period - Minor Penalty to Alec Martinez for Hooking.
1:09 of 2nd period - Mika Zibanejad wins face-off versus Tommy Wingels in Senators zone.
1:20 of 2nd period - Shot by Nikita Nikitin.
1:20 of 2nd period - Shot Misses the Net.
2:21 of 2nd period - Shot by Justin Schultz.
2:21 of 2nd period - Shot Blocked by James Wisniewski.
2:23 of 2nd period - Shot by Willie Mitchell.
2:23 of 2nd period - Shot Misses the Net.
2:25 of 2nd period - Shot by Justin Schultz.
2:25 of 2nd period - Shot Misses the Net.
2:27 of 2nd period - Shot by Justin Schultz.
2:27 of 2nd period - Stopped by Robin Lehner without a rebound.
2:28 of 2nd period - Mika Zibanejad wins face-off versus Tommy Wingels in Senators zone.
2:28 of 2nd period - Jan Hejda is hit by Tommy Wingels and loses puck.
3:15 of 2nd period - Shot by Nick Schultz.
3:15 of 2nd period - Shot Misses the Net.
3:21 of 2nd period - Shot by Tyler Johnson.
3:21 of 2nd period - Shot Blocked by Christian Ehrhoff.
3:23 of 2nd period - Shot by Tyler Johnson.
3:23 of 2nd period - Stopped by Robin Lehner with a rebound.
3:25 of 2nd period - Shot by Chris Kelly.
3:25 of 2nd period - Deflect By Tyler Johnson.
3:25 of 2nd period - Shot Misses the Net.
3:27 of 2nd period - Shot by Tyler Johnson.
3:27 of 2nd period - Deflect By Chris Kelly.
3:27 of 2nd period - Shot Misses the Net.
3:35 of 2nd period - Shot by Tyler Johnson.
3:35 of 2nd period - Stopped by Robin Lehner without a rebound.
3:36 of 2nd period - Pavel Datsyuk wins face-off versus Brandon Sutter in Senators zone.
3:36 of 2nd period - Pavel Datsyuk is hit by Steve Ott.
4:08 of 2nd period - Icing by Mark Fayne.
4:09 of 2nd period - Dave Bolland wins face-off versus Brandon Sutter in Devils zone.
4:22 of 2nd period - Shot by Brandon Sutter.
4:22 of 2nd period - Shot Misses the Net.
4:24 of 2nd period - Shot by Darren Helm.
4:24 of 2nd period - Stopped by Robin Lehner without a rebound.
4:25 of 2nd period - Sidney Crosby wins face-off versus Tommy Wingels in Senators zone.
4:31 of 2nd period - Icing by Alec Martinez.
4:32 of 2nd period - Tommy Wingels wins face-off versus Sidney Crosby in Senators zone.
4:51 of 2nd period - Shot by James van Riemsdyk.
4:51 of 2nd period - Shot Misses the Net.
5:05 of 2nd period - Shot by Sidney Crosby.
5:05 of 2nd period - Shot Blocked by Nikita Nikitin.
5:07 of 2nd period - Shot by Alec Martinez.
5:07 of 2nd period - Stopped by Corey Crawford without a rebound.
5:08 of 2nd period - Dave Bolland wins face-off versus Tyler Johnson in Devils zone.
5:11 of 2nd period - Shot by Mika Zibanejad.
5:11 of 2nd period - Stopped by Corey Crawford without a rebound.
5:12 of 2nd period - Vincent Trocheck wins face-off versus Dave Bolland in Devils zone.
5:12 of 2nd period - Vincent Trocheck is hit by Dave Bolland.
5:17 of 2nd period - Justin Schultz is hit by Jan Hejda and loses puck.
5:21 of 2nd period - Icing by James Wisniewski.
5:22 of 2nd period - Tommy Wingels wins face-off versus Mika Zibanejad in Senators zone.
5:25 of 2nd period - Shot by James van Riemsdyk.
5:25 of 2nd period - Stopped by Robin Lehner without a rebound.
5:26 of 2nd period - Vincent Trocheck wins face-off versus Dave Bolland in Senators zone.
5:27 of 2nd period - Shot by Steve Ott.
5:27 of 2nd period - Shot Hit the Post.
5:29 of 2nd period - Shot by Vincent Trocheck.
5:29 of 2nd period - Shot Misses the Net.
5:39 of 2nd period - Shot by Vincent Trocheck.
5:39 of 2nd period - Stopped by Robin Lehner without a rebound.
5:40 of 2nd period - Tommy Wingels wins face-off versus Pavel Datsyuk in Senators zone.
6:03 of 2nd period - Off-side.
6:04 of 2nd period - Vincent Trocheck wins face-off versus Dave Bolland in neutral zone.
6:09 of 2nd period - Shot by Vincent Trocheck.
6:09 of 2nd period - Stopped by Robin Lehner without a rebound.
6:10 of 2nd period - Dave Bolland wins face-off versus Vincent Trocheck in Senators zone.
6:10 of 2nd period - Dave Bolland is hit by Steve Ott.
6:33 of 2nd period - Shot by Matt Moulson.
6:33 of 2nd period - Shot Misses the Net.
6:35 of 2nd period - Shot by Matt Moulson.
6:35 of 2nd period - Shot Misses the Net.
6:36 of 2nd period - Minor Penalty to Willie Mitchell for Cross-checking.
6:37 of 2nd period - Sidney Crosby wins face-off versus Steve Ott in Devils zone.
7:48 of 2nd period - Shot by Dave Bolland.
7:48 of 2nd period - Deflect By Gustav Nyquist.
7:48 of 2nd period - Shot Misses the Net.
7:50 of 2nd period - Shot by Alec Martinez.
7:50 of 2nd period - Stopped by Corey Crawford without a rebound.
7:51 of 2nd period - Dave Bolland wins face-off versus Vincent Trocheck in Devils zone.
8:12 of 2nd period - Shot by James Wisniewski.
8:12 of 2nd period - Stopped by Corey Crawford without a rebound.
8:13 of 2nd period - Sidney Crosby wins face-off versus Vincent Trocheck in Devils zone.
8:41 of 2nd period - Icing by Chris Kelly.
8:42 of 2nd period - Dave Bolland wins face-off versus Tyler Johnson in Devils zone.
9:07 of 2nd period - Mika Zibanejad is hit by Chris Kelly and loses puck.
9:26 of 2nd period - Tyler Johnson is hit by Dave Bolland and loses puck.
9:48 of 2nd period - Jan Hejda is hit by Jamie McGinn and loses puck.
10:54 of 2nd period - Shot by Gustav Nyquist.
10:54 of 2nd period - Shot Blocked by Darren Helm.
11:03 of 2nd period - Shot by Gustav Nyquist.
11:03 of 2nd period - Deflect By Pavel Datsyuk.
11:03 of 2nd period - Shot Misses the Net.
11:05 of 2nd period - Shot by Gustav Nyquist.
11:05 of 2nd period - Shot Misses the Net.
11:30 of 2nd period - Icing by Vincent Trocheck.
11:31 of 2nd period - Vincent Trocheck wins face-off versus Sidney Crosby in Devils zone.
11:44 of 2nd period - Icing by Brooks Orpik.
11:45 of 2nd period - Tommy Wingels wins face-off versus Sidney Crosby in Senators zone.
12:04 of 2nd period - Shot by Sidney Crosby.
12:04 of 2nd period - Deflect By Mark Stone.
12:04 of 2nd period - Stopped by Corey Crawford without a rebound.
12:05 of 2nd period - Pavel Datsyuk wins face-off versus Chris Kelly in Devils zone.
12:05 of 2nd period - James Neal is hit by Nick Schultz and loses puck.
12:19 of 2nd period - Shot by Pavel Datsyuk.
12:19 of 2nd period - Shot Misses the Net.
12:21 of 2nd period - Shot by Christian Ehrhoff.
12:21 of 2nd period - Shot Misses the Net.
12:23 of 2nd period - Shot by James Neal.
12:23 of 2nd period - Deflect By Gustav Nyquist.
12:23 of 2nd period - Stopped by Corey Crawford without a rebound.
12:24 of 2nd period - Sidney Crosby wins face-off versus Tommy Wingels in Devils zone.
12:40 of 2nd period - Minor Penalty to Willie Mitchell for Cross-checking.
12:41 of 2nd period - Sidney Crosby wins face-off versus Steve Ott in Devils zone.
13:00 of 2nd period - Shot by Sidney Crosby.
13:00 of 2nd period - Deflect By James Neal.
13:00 of 2nd period - Shot Misses the Net.
13:22 of 2nd period - Shot by Sidney Crosby.
13:22 of 2nd period - Stopped by Corey Crawford without a rebound.
13:23 of 2nd period - Vincent Trocheck wins face-off versus Dave Bolland in Devils zone.
13:35 of 2nd period - James Wisniewski is hit by Matt Donovan and loses puck.
13:42 of 2nd period - Shot by Alec Martinez.
13:42 of 2nd period - Shot Blocked by Nikita Nikitin.
13:44 of 2nd period - Shot by James Wisniewski.
13:44 of 2nd period - Goal by James Wisniewski - Devils : 1 - Senators : 2.
13:45 of 2nd period - Tyler Johnson wins face-off versus Mika Zibanejad in neutral zone.
14:08 of 2nd period - Shot by Ales Hemsky.
14:08 of 2nd period - Stopped by Robin Lehner with a rebound.
15:08 of 2nd period - Shot by Gustav Nyquist.
15:08 of 2nd period - Shot Misses the Net.
15:14 of 2nd period - Shot by Pavel Datsyuk.
15:14 of 2nd period - Stopped by Corey Crawford with a rebound.
15:21 of 2nd period - Icing by Vincent Trocheck.
15:22 of 2nd period - Vincent Trocheck wins face-off versus Dave Bolland in Devils zone.
15:37 of 2nd period - Jamie McGinn is hit by Dave Bolland and loses puck.
15:47 of 2nd period - Shot by Nikita Nikitin.
15:47 of 2nd period - Stopped by Robin Lehner without a rebound.
15:48 of 2nd period - Pavel Datsyuk wins face-off versus Chris Kelly in Senators zone.
15:58 of 2nd period - Minor Penalty to Patrick Wiercioch for Slashing.
15:59 of 2nd period - Dave Bolland wins face-off versus Steve Ott in Devils zone.
16:00 of 2nd period - Shot by Anton Volchenkov.
16:00 of 2nd period - Shot Misses the Net.
16:10 of 2nd period - Nikita Nikitin is hit by Joffrey Lupul and loses puck.
16:24 of 2nd period - Off-side.
16:25 of 2nd period - Steve Ott wins face-off versus Sidney Crosby in neutral zone.
17:01 of 2nd period - Icing by James Wisniewski.
17:02 of 2nd period - Vincent Trocheck wins face-off versus Sidney Crosby in Senators zone.
17:03 of 2nd period - Shot by Justin Schultz.
17:03 of 2nd period - Shot Misses the Net.
17:47 of 2nd period - Joffrey Lupul is hit by Willie Mitchell and loses puck.
17:57 of 2nd period - Icing by Anton Volchenkov.
17:58 of 2nd period - Tyler Johnson wins face-off versus Alex Chiasson in Senators zone.
17:58 of 2nd period - Ales Hemsky is hit by Brooks Orpik and loses puck.
18:01 of 2nd period - Shot by Chris Kelly.
18:01 of 2nd period - Stopped by Robin Lehner without a rebound.
18:02 of 2nd period - Dave Bolland wins face-off versus Tyler Johnson in Senators zone.
18:24 of 2nd period - Shot by Tyler Johnson.
18:24 of 2nd period - Shot Blocked by Brooks Orpik.
18:30 of 2nd period - Tyler Johnson is hit by Dave Bolland.
19:05 of 2nd period - Icing by Jan Hejda.
19:06 of 2nd period - Vincent Trocheck wins face-off versus Pavel Datsyuk in Senators zone.
19:22 of 2nd period - Icing by Matt Donovan.
19:23 of 2nd period - Sidney Crosby wins face-off versus Vincent Trocheck in Devils zone.
19:26 of 2nd period - Shot by Sidney Crosby.
19:26 of 2nd period - Stopped by Corey Crawford without a rebound.
19:27 of 2nd period - Gustav Nyquist wins face-off versus Tommy Wingels in Devils zone.
19:31 of 2nd period - James Neal is hit by Matt Donovan and loses puck.
19:36 of 2nd period - Shot by Pavel Datsyuk.
19:36 of 2nd period - Stopped by Corey Crawford without a rebound.
19:37 of 2nd period - Pavel Datsyuk wins face-off versus Vincent Trocheck in Devils zone.
19:52 of 2nd period - Shot by Alec Martinez.
19:52 of 2nd period - Stopped by Corey Crawford without a rebound.
19:53 of 2nd period - Dave Bolland wins face-off versus Tommy Wingels in Devils zone.
Goals for this period are 0 for Devils vs 1 for Senators.
Shots for this period are 10 for Devils vs 12 for Senators.

3rd period


0:01 of 3rd period - Pavel Datsyuk wins face-off versus Vincent Trocheck in neutral zone.
0:04 of 3rd period - Shot by James Neal.
0:04 of 3rd period - Shot Misses the Net.
0:07 of 3rd period - Icing by Willie Mitchell.
0:08 of 3rd period - Vincent Trocheck wins face-off versus Pavel Datsyuk in Devils zone.
0:19 of 3rd period - Shot by Vincent Trocheck.
0:19 of 3rd period - Stopped by Robin Lehner without a rebound.
0:20 of 3rd period - Dave Bolland wins face-off versus Tommy Wingels in Senators zone.
0:20 of 3rd period - Dave Bolland is hit by Tommy Wingels.
0:23 of 3rd period - Christian Ehrhoff is hit by Jamie McGinn and loses puck.
0:30 of 3rd period - Shot by James van Riemsdyk.
0:30 of 3rd period - Stopped by Robin Lehner without a rebound.
0:31 of 3rd period - Vincent Trocheck wins face-off versus Gustav Nyquist in Senators zone.
0:40 of 3rd period - Shot by James Neal.
0:40 of 3rd period - Stopped by Corey Crawford with a rebound.
0:42 of 3rd period - Shot by James Wisniewski.
0:42 of 3rd period - Shot Misses the Net.
0:44 of 3rd period - Shot by Jan Hejda.
0:44 of 3rd period - Shot Misses the Net.
0:46 of 3rd period - Shot by Jan Hejda.
0:46 of 3rd period - Shot Misses the Net.
1:05 of 3rd period - James Neal is hit by Willie Mitchell and loses puck.
2:47 of 3rd period - Shot by Joffrey Lupul.
2:47 of 3rd period - Deflect By Mark Stone.
2:47 of 3rd period - Stopped by Corey Crawford without a rebound.
2:48 of 3rd period - Tyler Johnson wins face-off versus Pavel Datsyuk in Devils zone.
4:02 of 3rd period - Pavel Datsyuk is hit by Chris Kelly and loses puck.
4:49 of 3rd period - Shot by Matt Moulson.
4:49 of 3rd period - Deflect By Dave Bolland.
4:49 of 3rd period - Stopped by Corey Crawford with a rebound.
4:51 of 3rd period - Shot by Mika Zibanejad.
4:51 of 3rd period - Shot Misses the Net.
4:53 of 3rd period - Shot by Dave Bolland.
4:53 of 3rd period - Stopped by Corey Crawford without a rebound.
4:54 of 3rd period - Sidney Crosby wins face-off versus Tommy Wingels in Devils zone.
5:00 of 3rd period - Off-side.
5:01 of 3rd period - Sidney Crosby wins face-off versus Tommy Wingels in neutral zone.
5:08 of 3rd period - Shot by Sidney Crosby.
5:08 of 3rd period - Shot Misses the Net.
5:20 of 3rd period - Shot by Sidney Crosby.
5:20 of 3rd period - Shot Hit the Post.
5:45 of 3rd period - Shot by Tommy Wingels.
5:45 of 3rd period - Stopped by Robin Lehner with a rebound.
6:05 of 3rd period - Nikita Nikitin is hit by Joffrey Lupul.
6:48 of 3rd period - Off-side.
6:49 of 3rd period - Tyler Johnson wins face-off versus Pavel Datsyuk in neutral zone.
7:12 of 3rd period - Shot by Pavel Datsyuk.
7:12 of 3rd period - Stopped by Corey Crawford without a rebound.
7:13 of 3rd period - Dave Bolland wins face-off versus Tommy Wingels in Devils zone.
7:29 of 3rd period - Off-side.
7:30 of 3rd period - Tyler Johnson wins face-off versus Pavel Datsyuk in neutral zone.
7:33 of 3rd period - Shot by Justin Schultz.
7:33 of 3rd period - Stopped by Robin Lehner with a rebound.
7:36 of 3rd period - Icing by Christian Ehrhoff.
7:37 of 3rd period - Vincent Trocheck wins face-off versus Pavel Datsyuk in Senators zone.
7:52 of 3rd period - Shot by James Neal.
7:52 of 3rd period - Goal by James Neal - Devils : 1 - Senators : 3.
7:53 of 3rd period - Tommy Wingels wins face-off versus Dave Bolland in neutral zone.
7:56 of 3rd period - Jan Hejda is hit by Jamie McGinn and loses puck.
8:03 of 3rd period - Shot by James van Riemsdyk.
8:03 of 3rd period - Shot Blocked by Jan Hejda.
8:05 of 3rd period - Shot by Jamie McGinn.
8:05 of 3rd period - Stopped by Robin Lehner without a rebound.
8:06 of 3rd period - Vincent Trocheck wins face-off versus Pavel Datsyuk in Senators zone.
8:07 of 3rd period - Shot by Steve Ott.
8:07 of 3rd period - Shot Misses the Net.
8:17 of 3rd period - Shot by Vincent Trocheck.
8:17 of 3rd period - Stopped by Robin Lehner with a rebound.
8:19 of 3rd period - Shot by Justin Schultz.
8:19 of 3rd period - Stopped by Robin Lehner without a rebound.
8:20 of 3rd period - Dave Bolland wins face-off versus James van Riemsdyk in Senators zone.
8:35 of 3rd period - Shot by Tommy Wingels.
8:35 of 3rd period - Shot Misses the Net.
8:37 of 3rd period - Shot by Jamie McGinn.
8:37 of 3rd period - Shot Blocked by Jan Hejda.
8:39 of 3rd period - Shot by Jamie McGinn.
8:39 of 3rd period - Stopped by Robin Lehner without a rebound.
8:40 of 3rd period - Pavel Datsyuk wins face-off versus Vincent Trocheck in Senators zone.
8:47 of 3rd period - Shot by Pavel Datsyuk.
8:47 of 3rd period - Stopped by Corey Crawford without a rebound.
8:48 of 3rd period - Vincent Trocheck wins face-off versus Pavel Datsyuk in Devils zone.
9:04 of 3rd period - Icing by Justin Schultz.
9:05 of 3rd period - Vincent Trocheck wins face-off versus Dave Bolland in Devils zone.
9:18 of 3rd period - Shot by Darren Helm.
9:18 of 3rd period - Deflect By Vincent Trocheck.
9:18 of 3rd period - Shot Misses the Net.
9:20 of 3rd period - Shot by Darren Helm.
9:20 of 3rd period - Shot Misses the Net.
9:22 of 3rd period - Shot by Justin Schultz.
9:22 of 3rd period - Stopped by Robin Lehner without a rebound.
9:23 of 3rd period - Pavel Datsyuk wins face-off versus Tommy Wingels in Senators zone.
10:01 of 3rd period - Off-side.
10:02 of 3rd period - Mika Zibanejad wins face-off versus Vincent Trocheck in neutral zone.
10:19 of 3rd period - Shot by Matt Moulson.
10:19 of 3rd period - Shot Blocked by Willie Mitchell.
10:21 of 3rd period - Shot by Matt Moulson.
10:21 of 3rd period - Stopped by Corey Crawford without a rebound.
10:22 of 3rd period - Tyler Johnson wins face-off versus Sidney Crosby in Devils zone.
10:41 of 3rd period - Shot by Ales Hemsky.
10:41 of 3rd period - Stopped by Robin Lehner without a rebound.
10:42 of 3rd period - Vincent Trocheck wins face-off versus Pavel Datsyuk in Senators zone.
10:45 of 3rd period - Shot by Darren Helm.
10:45 of 3rd period - Shot Misses the Net.
10:56 of 3rd period - Steve Ott is hit by Christian Ehrhoff and loses puck.
11:03 of 3rd period - Shot by Vincent Trocheck.
11:03 of 3rd period - Shot Misses the Net.
11:17 of 3rd period - Shot by Darren Helm.
11:17 of 3rd period - Stopped by Robin Lehner without a rebound.
11:18 of 3rd period - Dave Bolland wins face-off versus Tommy Wingels in Senators zone.
11:27 of 3rd period - Shot by Mika Zibanejad.
11:27 of 3rd period - Shot Blocked by Matt Donovan.
11:29 of 3rd period - Shot by Mika Zibanejad.
11:29 of 3rd period - Shot Misses the Net.
12:01 of 3rd period - Shot by Dave Bolland.
12:01 of 3rd period - Shot Misses the Net.
12:23 of 3rd period - Vincent Trocheck is hit by Joffrey Lupul and loses puck.
13:14 of 3rd period - Shot by Pavel Datsyuk.
13:14 of 3rd period - Stopped by Corey Crawford without a rebound.
13:15 of 3rd period - Tyler Johnson wins face-off versus Pavel Datsyuk in Devils zone.
13:17 of 3rd period - Icing by Ales Hemsky.
13:18 of 3rd period - Dave Bolland wins face-off versus Ales Hemsky in Devils zone.
13:22 of 3rd period - Icing by Tyler Johnson.
13:23 of 3rd period - Pavel Datsyuk wins face-off versus Tyler Johnson in Devils zone.
13:47 of 3rd period - Icing by Tyler Johnson.
13:48 of 3rd period - Chris Kelly wins face-off versus Dave Bolland in Devils zone.
14:07 of 3rd period - Shot by Dave Bolland.
14:07 of 3rd period - Shot Blocked by Tyler Johnson.
14:15 of 3rd period - Shot by James Wisniewski.
14:15 of 3rd period - Stopped by Corey Crawford without a rebound.
14:16 of 3rd period - Vincent Trocheck wins face-off versus Pavel Datsyuk in Devils zone.
14:21 of 3rd period - Christian Ehrhoff is hit by Steve Ott and loses puck.
14:29 of 3rd period - Shot by Christian Ehrhoff.
14:29 of 3rd period - Shot Blocked by Justin Schultz.
15:10 of 3rd period - Willie Mitchell is hit by Dave Bolland and loses puck.
15:18 of 3rd period - Off-side.
15:19 of 3rd period - Sidney Crosby wins face-off versus Jamie McGinn in neutral zone.
15:37 of 3rd period - Nikita Nikitin is hit by Sidney Crosby and loses puck.
16:28 of 3rd period - Shot by Mika Zibanejad.
16:28 of 3rd period - Shot Misses the Net.
16:48 of 3rd period - Shot by Dave Bolland.
16:48 of 3rd period - Shot Misses the Net.
16:50 of 3rd period - Shot by Matt Moulson.
16:50 of 3rd period - Stopped by Corey Crawford without a rebound.
16:51 of 3rd period - Pavel Datsyuk wins face-off versus Brandon Sutter in Devils zone.
16:58 of 3rd period - Shot by Gustav Nyquist.
16:58 of 3rd period - Stopped by Corey Crawford without a rebound.
16:59 of 3rd period - Vincent Trocheck wins face-off versus Gustav Nyquist in Devils zone.
18:06 of 3rd period - Shot by Dave Bolland.
18:06 of 3rd period - Shot Blocked by Nikita Nikitin.
18:56 of 3rd period - Shot by Joffrey Lupul.
18:56 of 3rd period - Shot Blocked by Nikita Nikitin.
18:58 of 3rd period - Shot by Joffrey Lupul.
18:58 of 3rd period - Shot Blocked by Matt Donovan.
19:00 of 3rd period - Shot by Joffrey Lupul.
19:00 of 3rd period - Shot Misses the Net.
19:02 of 3rd period - Shot by Mark Stone.
19:02 of 3rd period - Shot Misses the Net.
19:04 of 3rd period - Shot by Brooks Orpik.
19:04 of 3rd period - Shot Misses the Net.
19:11 of 3rd period - James van Riemsdyk is hit by Brooks Orpik and loses puck.
19:48 of 3rd period - Icing by Pavel Datsyuk.
19:49 of 3rd period - Pavel Datsyuk wins face-off versus Vincent Trocheck in Senators zone.
19:54 of 3rd period - Shot by Darren Helm.
19:54 of 3rd period - Stopped by Robin Lehner without a rebound.
19:55 of 3rd period - Pavel Datsyuk wins face-off versus Vincent Trocheck in Senators zone.
Goals for this period are 0 for Devils vs 1 for Senators.
Shots for this period are 12 for Devils vs 12 for Senators.


Output by the SimonT Hockey Simulator (STHS) for Stephane Roy -- Original Page W3C XHTML 1.0 Valid
Hockey Simulator - Hockey Simulation - Hockey Manager